 Dungeon Crawl Stone Soup version 0.28.0-43-g3370ac3207 (webtiles) character file.

Game seed: 2504502264067461393

41 pkoi the Ruffian (level 3, 0/29 HPs)
             Began as a Demigod Gladiator on Mar 28, 2022.
             Succumbed to an adder's poison
             ... on level 1 of the Dungeon.
             The game lasted 00:01:39 (1113 turns).

pkoi the Ruffian (Demigod Gladiator)                Turns: 1113, Time: 00:01:40

Health: 0/29       AC:  6    Str: 19    XL:     3   Next: 16%
Magic:  5/5        EV: 12    Int: 10    God:
Gold:   25         SH:  0    Dex: 15    Spells: 2/2 levels left

rFire   . . .      SeeInvis .     - Unarmed
rCold   . . .      Faith    .   (no shield)
rNeg    . . .      Spirit   .   a - +0 leather armour
rPois   .          Reflect  .   b - +0 helmet
rElec   .          Harm     .   f - +1 cloak
rCorr   .          Rampage  .   (no gloves)
Will    .....                   (no boots)
Stlth   +.........              e - amulet of the acrobat
HPRegen 0.09/turn               (no ring)
MPRegen 0.09/turn               (no ring)

@: lethally poisoned (0 -> -3)
A: high MP 1, forlorn, divine attributes
a: no special abilities


You were on level 1 of the Dungeon.
You visited 1 branch of the dungeon, and saw 2 of its levels.

You collected 25 gold pieces.

Inventory:

Missiles
 c - 3 throwing nets (quivered)
Armour
 a - a +0 leather armour (worn)
 b - a +0 helmet (worn)
 f - a +1 cloak (worn)
Jewellery
 e - an amulet of the acrobat (around neck)


   Skills:
 - Level 1.7 Fighting
 - Level 1.7 Throwing
 - Level 2.6 Dodging
 + Level 4.0 Unarmed Combat


You had 2 spell levels left.
You didn't know any spells.
Your spell library was empty.

Dungeon Overview and Level Annotations

Branches:
Dungeon (2/15)


Innate Abilities, Weirdness & Mutations

You have an increased reservoir of magic. (+10% MP)
You shall have no god before yourself.
Your divine heritage dramatically boosts your attributes as you level up.


Message History

The adder is severely wounded.
You feel sick. The adder bites you.
* * * LOW HITPOINT WARNING * * *
You are lethally poisoned!
The adder poisons you!
You closely miss the adder.
The adder is severely wounded.
* * * LOW HITPOINT WARNING * * *
You feel sick. The adder barely misses you.
You barely miss the adder.
The adder is severely wounded.
* * * LOW HITPOINT WARNING * * *
You feel sick. The adder misses you.
Unknown command.
You hit the adder.
You kill the adder!
* * * LOW HITPOINT WARNING * * *
You feel sick.
Your Unarmed Combat skill increases to level 4!
You have reached level 3!
Your experience leads to a dramatic increase in your attributes!
Increase (S)trength, (I)ntelligence, or (D)exterity?
You feel stronger. x4
There is a lethal amount of poison in your body!
There is a lethal amount of poison in your body!
There is a lethal amount of poison in your body!
You aren't carrying any potions.
As you read the scroll labelled SADYAKHLYSKE, it crumbles to dust.
You feel a surge of unholy energy.
It was a scroll of torment.
* * * LOW HITPOINT WARNING * * *
You feel sick.
As you read the scroll labelled QUR LANORI, it crumbles to dust.
The air around you briefly surges with heat, but it dissipates.
It was a scroll of immolation.
* * * LOW HITPOINT WARNING * * *
You feel sick.
As you read the scroll labelled XIRUICSI OTTOA, it crumbles to dust.
It is a scroll of identify.
You don't have any unidentified items.
You die...

#.....# #....................#
#.....# #....................#
#.....# #..(.....####........#
#....†# ###......# #........#
#.....# #......# #........#
#....†# #.##.### #........#
#.....# #.##.# #........#
#.....# #.##.######........##
#.....### #.##@...............#
##.......# #.##†................
.........# #.#####..............
####.....####.# #..............
..............# #..............
####......##### #..............
...#.####.# #..............
##.#.# #.# #..............
#.#.####.#########..............


There were no monsters in sight!

Vanquished Creatures
  An adder (D:1)
  2 endoplasms (D:1)
  3 giant cockroaches (D:1)
  3 goblins (D:1)
  9 hobgoblins (D:1)
  2 quokkas (D:1)
  2 ball pythons (D:1)
  A bat (D:1)
  2 frilled lizards (D:1)
  2 kobolds (D:1)
  2 rats (D:1)
29 creatures vanquished.

Notes
Turn   | Place    | Note
-------+----------+-------------------------------------------
     0 | D:1      | pkoi the Demigod Gladiator began the quest for the Orb.
     0 | D:1      | Reached XP level 1. HP: 17/17 MP: 3/3
    71 | D:1      | Reached skill level 3 in Unarmed Combat
   288 | D:1      | Reached XP level 2. HP: 17/24 MP: 4/4
  1111 | D:1      | Reached skill level 4 in Unarmed Combat
  1111 | D:1      | Reached XP level 3. HP: 3/29 MP: 5/5
  1112 | D:1      | HP: 1/29 [poisoned by an adder]
  1113 | D:1      | Succumbed to an adder's poison

Illustrated notes

Levels and vault maps discovered:
D:1:      ebering_hopf_link, layout_basic
D:2:      layout_basic, dreamdust_ecumenical_altar_sealed_demon,
          grunt_ministairs_2

Skill      XL: |  1  2 |
---------------+-------+-----
Unarmed Combat | 3 4 |  4.0
Fighting       | |  1.7
Throwing       | |  1.7
Dodging        | |  2.6

Action                   || total
-------------------------++-------
Melee: Unarmed           ||    94
       Punch             ||     3
  Use: Scroll            ||     3
Armor: Leather armour    ||    19
Dodge: Dodged            ||    74
